 Dungeon Crawl Stone Soup version 0.29.0-4-gdea44cf6ec (webtiles) character file.

Game seed: 7326200595695180345

88 qw the Chopper (level 4, -2/26 HPs)
             Began as a Tengu Warper on Aug 28, 2022.
             Killed by divine providence
             ... invoked by an orc priest
              (10 damage)
             ... on level 3 of the Dungeon.
             The game lasted 00:00:13 (2453 turns).

qw the Chopper (Tengu Warper)                       Turns: 2453, Time: 00:00:13

Health: -2/26      AC: 15    Str: 14    XL:     4   Next: 53%
Magic:  8/8        EV:  6    Int: 13    God:
Gold:   151        SH:  0    Dex: 13    Spells: 7/7 levels left

rFire   . . .      SeeInvis .   Y - +0 hand axe
rCold   . . .      Faith    .   (no shield)
rNeg    . . .      Spirit   .   f - +4 chain mail
rPois   .          Reflect  .   (helmet restricted)
rElec   .          Harm     .   h - +1 cloak
rCorr   .          Rampage  .   c - +0 pair of gloves
Will    .....                   (boots unavailable)
Stlth   ..........              (no amulet)
HPRegen 0.08/turn               (no ring)
MPRegen 0.11/turn               (no ring)

@: no status effects
A: beak, talons 3
a: no special abilities


You were on level 3 of the Dungeon.
You visited 1 branch of the dungeon, and saw 3 of its levels.

You collected 151 gold pieces.


Innate Abilities, Weirdness & Mutations

You have a beak for a mouth.
You have claws for feet.


   Skills:
 - Level 2.0 Fighting
 - Level 5.0 Axes
 - Level 1.0 Throwing
 + Level 1.2 Armour
 - Level 2.1 Dodging
 - Level 2.0 Spellcasting
 - Level 2.4 Translocations


You had 7 spell levels left.
You didn't know any spells.
Your spell library contained the following spells:

 Spells                   Type           Power      Damage    Failure   Level
 Blink                    Tloc           14%        N/A       99%         2
 Gell's Gravitas          Tloc           7%         N/A       100%        3
 Lesser Beckoning         Tloc           7%         N/A       100%        3
 Teleport Other           Tloc           7%         N/A       100%        3
 Manifold Assault         Tloc           7%         N/A       100%        5

Inventory:

Hand Weapons
 b - a +0 mace
 Y - a +0 hand axe (weapon)
Armour
 c - a +0 pair of gloves (worn)
 f - a +4 chain mail (worn)
 h - a +1 cloak (worn)
Scrolls
 g - a scroll of enchant armour {unknown}
Potions
 a - a potion of mutation {unknown}
 d - a potion of haste {unknown}
 e - a potion of heal wounds
 i - a potion of might {unknown}

Dungeon Overview and Level Annotations

Branches:
Dungeon (3/15)

Altars:

Shops:
D:3 [


Message History

You hit the orc. You claw the orc.
You kill the orc!
The orc priest hits you but does no damage.
You see here a +0 flail.
You barely miss the orc priest. Your kick misses the orc priest.
The orc priest hits you but does no damage.
You closely miss the orc priest. The orc priest closely misses you.
You hit the orc priest but do no damage.
You claw the orc priest. Your peck misses the orc priest.
The orc priest is lightly wounded.
You hear a shout!
The orc priest hits you with a +1 dagger of flaming.
The orc priest burns you.
You hear a shout!
You closely miss the orc priest.
You claw the orc priest, but do no damage.
You peck the orc priest, but do no damage.
The orc priest is lightly wounded.
The orc priest hits you but does no damage.
You hit the orc priest.
The orc priest is moderately wounded.
The orc priest hits you but does no damage.
The orc priest calls down the wrath of Beogh upon you.
Beogh smites you!
Ouch! That really hurt!
You closely miss the orc priest. Your kick misses the orc priest.
The orc priest is moderately wounded.
The orc priest hits you but does no damage.
The orc priest barely misses you.
You hit the orc priest.
You claw the orc priest, but do no damage.
You peck the orc priest, but do no damage.
The orc priest is moderately wounded.
The orc priest hits you but does no damage. x2
You hit the orc priest but do no damage.
The orc priest is moderately wounded.
The orc priest invokes the aid of Beogh against you.
Beogh smites you!
You die...

#........8.8.8##
#.
#..#......}.}...
#.
#........8.\.8#.
#.
#.##......}.}...
#.
#.###.##.8.8.8#.
#.###.#
#..#.######.
#...#.# ##.#.#
##. #.....#
#.#.# #..
#..@### #.#.#
#.# #.o## #.#..
..# #.o.# #.###
#.# ##..# ..#
#.# #..# ..# #.#
...o .## #<#
###.# #.# .#
#######.# .o
........#


You could see 2 orc priests.

Vanquished Creatures
  Terence (D:2)
  2 adders (D:2)
  2 dart slugs (D:1)
  An orc (D:3)
  3 ball pythons
  3 endoplasms (D:1)
  2 giant cockroaches
  A goblin (D:1)
  7 hobgoblins
  2 quokkas
  3 bats
  2 frilled lizards (D:1)
  6 kobolds
  5 rats
40 creatures vanquished.

Notes
Turn   | Place    | Note
-------+----------+-------------------------------------------
     0 | D:1      | qw the Tengu Warper began the quest for the Orb.
     0 | D:1      | Reached XP level 1. HP: 12/12 MP: 4/4
     0 | D:1      | 0 ||| qw: Version: 0.1-a-89-g26bdef1
     0 | D:1      | 0 ||| qw: Game counter: 341
     0 | D:1      | 0 ||| qw: Always use a shield: true
     0 | D:1      | 0 ||| qw: God list: Okawaru
     0 | D:1      | 0 ||| qw: Allow faded altars: false
     0 | D:1      | 0 ||| qw: Do Orc after D:15 true
     0 | D:1      | 0 ||| qw: Do second Lair branch before Depths: true
     0 | D:1      | 0 ||| qw: Lair rune preference: random
     0 | D:1      | 0 ||| qw: Plans: Normal
     0 | D:1      | 0 ||| PLANNING D:1-11
   109 | D:1      | Reached skill level 3 in Axes
   109 | D:1      | Reached XP level 2. HP: 16/17 MP: 6/6
   191 | D:1      | 191 ||| Stepping ~*~*~tactically~*~*~ (stealth).
   200 | D:1      | 200 ||| Stepping ~*~*~tactically~*~*~ (stealth).
   284 | D:1      | 284 ||| Stepping ~*~*~tactically~*~*~ (stealth).
   662 | D:1      | Reached XP level 3. HP: 21/21 MP: 7/7
   995 | D:1      | 995 ||| UPGRADING to +4 chain mail.
  1005 | D:1      | 1005 ||| DROPPING +0 leather armour.
  1006 | D:1      | 1006 ||| READING scroll labelled AMEUWKEYTERGH.
  1009 | D:1      | 1009 ||| READING scroll labelled JYRAAKAOFF.
  1010 | D:1      | 1010 ||| READING scroll labelled HYILEE GIATI.
  1011 | D:1      | 1011 ||| DROPPING scroll of blinking.
  1098 | D:2      | Reached skill level 4 in Axes
  1411 | D:2      | 1411 ||| Stepping ~*~*~tactically~*~*~ (stealth).
  1432 | D:2      | Found a faded altar of an unknown god.
  1462 | D:2      | 1462 ||| DROPPING +0 club.
  1497 | D:2      | Noticed Terence
  1502 | D:2      | 1502 ||| Stepping ~*~*~tactically~*~*~ (stealth).
  1510 | D:2      | Killed Terence
  1511 | D:2      | Reached XP level 4. HP: 18/26 MP: 8/8
  1516 | D:2      | Reached skill level 5 in Axes
  2342 | D:2      | 2342 ||| UPGRADING to +0 pair of gloves.
  2347 | D:2      | 2347 ||| UPGRADING to +1 cloak.
  2352 | D:2      | 2352 ||| DRINKING 3 smoky grey potions.
  2353 | D:2      | 2353 ||| DRINKING 2 dark potions.
  2354 | D:2      | 2354 ||| DROPPING potion of brilliance.
  2361 | D:3      | HP: 4/26 [orc priest/nerve-wracking pain (12)]
  2362 | D:3      | 2362 ||| READING scroll of teleportation.
  2363 | D:3      | 2363 ||| DRINKING 2 potions of heal wounds.
  2399 | D:3      | Found Nogruraw's Armour Shop.
  2438 | D:3      | 2438 ||| Stepping ~*~*~tactically~*~*~ (hiding).
  2442 | D:3      | 2442 ||| Stepping ~*~*~tactically~*~*~ (hiding).
  2453 | D:3      | Killed from afar by an orc priest

Levels and vault maps discovered:
D:1:      heliophobic_arrival_henge, layout_rooms, serial_rivers,
          chequers_serial_rivers_small_b, chequers_serial_rivers_micro_b,
          chequers_serial_rivers_room_a, chequers_serial_rivers_micro_a,
          chequers_serial_rivers_room_b, st_stairs_6, minivault_5
D:2:      layout_basic, basic_ecumenical_altar, dreamdust_princess_bridge,
          uniq_terence
D:3:      layout_loops_ring, general_overflow_altar, serial_shops,
          nicolae_shop_temple_entry_statues_fountains, minmay_bisected

Skill      XL: |  1  2  3  4 |
---------------+-------------+-----
Axes           | 3 4 5 |  5.0
Fighting       | |  2.0
Throwing       | |  1.0
Armour         | |  1.2
Dodging        | |  2.1
Spellcasting   | |  2.0
Translocations | |  2.4

Action                   |  1- 3 |  4- 6 || total
-------------------------+-------+-------++-------
Melee: Hand axe          |    85 |    29 ||   114
       Peck              |    14 |     5 ||    19
       Kick              |    22 |     9 ||    31
       Punch             |     1 |       ||     1
Throw: Boomerang         |     7 |       ||     7
  Use: Scroll            |     3 |     1 ||     4
       Potion            |       |     3 ||     3
Armor: Leather armour    |     9 |       ||     9
       Chain mail        |    28 |    20 ||    48
Dodge: Dodged            |    32 |     6 ||    38

Table legend:
 A = Non-vault XP
 B = Vault XP
 C = Vault XP percentage of total XP
 D = Non-vault monster count
 E = Vault monster count
 F = Vault count percentage of total count
                 A         B        C        D         E       F
            +---------+---------+-------+---------+---------+-------
      Total |      89 |      37 |  29.4 |      38 |       2 |   5.0
            +---------+---------+-------+---------+---------+-------
        D:1 |      38 |       1 |   2.6 |      21 |       1 |   4.5
        D:2 |      46 |      36 |  43.9 |      15 |       1 |   6.2
        D:3 |       5 |       0 |   0.0 |       2 |       0 |   0.0
            +---------+---------+-------+---------+---------+-------
